 Dungeon Sprint DCSS version 0.21.1-1-g345015f (webtiles) character file.

6100000 Fang the Sabretooth (level 20, -45/118 HPs)
             Began as a Felid Fighter on Apr 18, 2018.
             Was the Champion of Makhleb.
             Annihilated by a destroyer
             ... wielding a +9 great sword of slicing
              (158 damage)
             ... in the Dungeon (Sprint VIII: "Arena of Blood").
             The game lasted 00:01:03 (61 turns).

Fang the Sabretooth (Felid Fighter)                   Turns: 61, Time: 00:01:04

Health: -45/118    AC:  3    Str: 19    XL:     20   Next: 68%
Magic:  52/52      EV: 39    Int: 11    God:    Makhleb [******]
Gold:   0          SH:  0    Dex: 17    Spells: 73/73 levels left
                                        Lives:  0   Deaths: 3

rFire    . . .     SeeInvis +     - Unarmed
rCold    + . .     Gourm    .   (shield unavailable)
rNeg     . . .     Faith    .   (armour unavailable)
rPois    .         Spirit   .   (helmet unavailable)
rElec    .         Reflect  .   (cloak unavailable)
rCorr    .         Harm     .   (gloves unavailable)
MR       +++..     NoTele   +   (boots unavailable)
Stlth    +++++++++.             (no amulet)
HPRegen  0.29/turn              i - +27000 ring of slaying
MPRegen  0.33/turn              j - +30 ring of slaying

@: quick
A: very small, no armour, no weapons or thrown items, stealth, claws 1, fangs 3,
see invisible, carnivore, speed 1, shaggy fur 3, slow metabolism 1, sharp paws
a: Minor Destruction, Lesser Servant of Makhleb, Major Destruction, Greater
Servant of Makhleb, Renounce Religion


You were in the Dungeon.
You worshipped Makhleb.
Makhleb was exalted by your worship.
You were not hungry.

You visited 1 branch

Inventory:

Jewellery
 i - a +27000 ring of slaying (left paw)
 j - a +30 ring of slaying (right paw)
Scrolls
 h - a scroll of blinking
Potions
 a - a potion of might
 c - a potion of curing
 d - a potion of heal wounds
 e - a potion of haste
 f - 2 potions of magic
 g - a potion of berserk rage
Comestibles
 b - a ration


   Skills:
 O Level 27 Fighting
 O Level 27 Dodging
 O Level 27 Stealth
 O Level 27 Unarmed Combat
 O Level 27 Spellcasting
 O Level 27 Invocations


You had 73 spell levels left.
You didn't know any spells.

Dungeon Overview and Level Annotations

Branches:
Dungeon (1/1)

Altars:
Makhleb


Innate Abilities, Weirdness & Mutations

You cannot wear armour.
You are incapable of wielding weapons or throwing items.
Your paws allow you to move quietly. (Stealth)
You have sharp claws.
You have razor-sharp teeth.
You have supernaturally acute eyesight. (SInv)
You are carnivorous and can eat meat at any time.
You cover ground quickly.
Your thick and shaggy fur keeps you warm. (AC +3, rC+)
You have a slow metabolism.
Your sharp claws are effective at attacking unaware monsters.


Message History

The destroyer is engulfed in blazing flames.
The destroyer blinks!
A small abomination comes into view.
You eviscerate the large abomination!!!!!!!!!
You destroy the large abomination!
You hear a shout! x4
The destroyer blinks!
You hear a shout!
The meat berserker is engulfed in blazing flames.
Unknown command.
You hear a shout! x3
The meat berserker misses you.
The bag of meat is engulfed in blazing flames.
The sculptor of flesh is engulfed in blazing flames.
You hear a shout!
The accursed hits you.
You hear a shout!
The destroyer hits you with a +9 great sword of slicing!!!!!
Ouch! That really hurt!
You die...

..#.....Vx._)..........
..........###)........#
.....###.V).)..###.....
.......#x.X)x).#.......
.....#.......#.......
.........x.zo.oo.....
......§XoO.§Xo..o#
.......MO.z§oo..#.
.......@o..xVo##o....
....#.V.L.oXO#Oo....#
........X.§..#.oo###.
...##.#....Vo...... ..
.................. #
#....#....O####....
.............. ....
............... ..#
##..... .=.....


You could see an accursed, 2 tentacled monstrosities, a tyrant, 4 destroyers, 2
sculptors of flesh, 2 large bags of meat, 3 large abominations, 3 meat
berserkers, 2 small abominations, 10 bags of meat and 2 crawling corpses.

Vanquished Creatures
  5 vampire knights (D)
  9 ogres (D)
  A two-headed ogre (D)
  10 orcs (D)
  A skeletal warrior (D)
  2 crawling corpses (D)
28 creatures vanquished.

Notes
Turn   | Place    | Note
-------+----------+-------------------------------------------
     0 | D        | Fang the Felid Fighter began the quest for the Orb.
     0 | D        | Reached XP level 1. HP: 10/10 MP: 2/2
     2 | D        | Noticed a meat berserker
     3 | D        | Noticed a bag of meat
     4 | D        | Noticed a meat berserker
     5 | D        | Became a worshipper of Makhleb the Destroyer
     6 | D        | Noticed a meat berserker
     7 | D        | Killed a meat berserker
     7 | D        | Reached skill level 15 in Fighting
     7 | D        | Reached XP level 2. HP: 27/27 MP: 3/3
     7 | D        | Reached XP level 3. HP: 30/30 MP: 4/4
     7 | D        | Reached XP level 4. HP: 34/34 MP: 5/5
     7 | D        | Reached XP level 5. HP: 38/38 MP: 6/6
     7 | D        | Gained mutation: You are covered in thick fur. (AC +2) [Felid growth]
     7 | D        | Reached XP level 6. HP: 42/42 MP: 7/7
     7 | D        | Reached XP level 7. HP: 46/46 MP: 8/8
     7 | D        | Reached XP level 8. HP: 50/50 MP: 9/9
     7 | D        | Reached XP level 9. HP: 54/54 MP: 10/10
     7 | D        | Reached XP level 10. HP: 58/58 MP: 11/11
     7 | D        | Reached XP level 11. HP: 62/62 MP: 12/12
     7 | D        | Gained mutation: Your thick and shaggy fur keeps you warm. (AC +3, rC+) [Felid growth]
     7 | D        | Reached XP level 12. HP: 66/66 MP: 13/13
     7 | D        | Reached XP level 13. HP: 70/70 MP: 14/14
     8 | D        | Killed a meat berserker
     8 | D        | Reached * piety under Makhleb
     8 | D        | Reached skill level 27 in Unarmed Combat
     8 | D        | Reached XP level 14. HP: 78/78 MP: 15/15
    10 | D        | Killed a meat berserker
    10 | D        | Reached XP level 15. HP: 88/88 MP: 16/16
    12 | D        | Reached skill level 27 in Dodging
    14 | D        | Noticed a meat berserker
    15 | D        | Reached ** piety under Makhleb
    15 | D        | Reached skill level 27 in Fighting
    16 | D        | Killed a meat berserker
    16 | D        | Reached XP level 16. HP: 100/100 MP: 16/32
    23 | D        | Reached *** piety under Makhleb
    23 | D        | Reached skill level 15 in Spellcasting
    23 | D        | Reached XP level 17. HP: 104/104 MP: 17/37
    24 | D        | Noticed a destroyer
    29 | D        | Reached skill level 27 in Stealth
    30 | D        | Annihilated by a destroyer
    31 | D        | Reached XP level 16. HP: -105/100 MP: 18/36
    33 | D        | Noticed a meat berserker
    33 | D        | Noticed a meat berserker
    33 | D        | Noticed a destroyer
    33 | D        | Noticed a large bag of meat
    35 | D        | Killed a destroyer
    35 | D        | Reached XP level 17. HP: 71/104 MP: 36/42
    36 | D        | Noticed a meat berserker
    36 | D        | Noticed a destroyer
    37 | D        | Killed a destroyer
    37 | D        | Reached **** piety under Makhleb
    38 | D        | Killed a meat berserker
    38 | D        | Reached skill level 27 in Spellcasting
    38 | D        | Reached skill level 27 in Invocations
    38 | D        | Reached XP level 18. HP: 109/109 MP: 37/50
    39 | D        | Noticed a destroyer
    39 | D        | Noticed a meat berserker
    40 | D        | Killed a destroyer
    41 | D        | Noticed a destroyer
    41 | D        | Reached XP level 19. HP: 113/113 MP: 37/51
    43 | D        | Noticed a meat berserker
    43 | D        | Noticed a large bag of meat
    43 | D        | Killed a meat berserker
    43 | D        | Reached ***** piety under Makhleb
    46 | D        | Noticed a destroyer
    46 | D        | Killed a meat berserker
    46 | D        | Reached XP level 20. HP: 118/118 MP: 38/52
    47 | D        | Killed a meat berserker
    48 | D        | Killed a destroyer
    48 | D        | Reached XP level 21. HP: 122/122 MP: 38/53
    49 | D        | HP: 2/122 [bag of meat/+9 war axe (31)]
    50 | D        | Noticed a destroyer
    50 | D        | Annihilated by a meat berserker
    51 | D        | Reached XP level 20. HP: -65/118 MP: 39/52
    51 | D        | Noticed a meat berserker
    51 | D        | Noticed a destroyer
    51 | D        | Noticed a destroyer
    52 | D        | Noticed a large bag of meat
    53 | D        | Noticed a tyrant
    54 | D        | Noticed a tyrant
    55 | D        | Killed a large bag of meat
    55 | D        | Reached ****** piety under Makhleb
    56 | D        | Noticed a meat berserker
    56 | D        | Killed a meat berserker
    56 | D        | Reached XP level 21. HP: 109/122 MP: 53/53
    57 | D        | Annihilated by a meat berserker
    58 | D        | Reached XP level 20. HP: -32/118 MP: 52/52
    58 | D        | Killed a destroyer
    60 | D        | Noticed an accursed
    61 | D        | Annihilated by a destroyer

Skill      XL: |  1  2  3  4  5  6  7  8  9 10 11 12 13 14 15 16 17 |
---------------+----------------------------------------------------+-----
Fighting       | 15 18 22 27 | 27.0
Dodging        | 19 22 26 27 | 27.0
Unarmed Combat | 23 27 | 27.0
Stealth        | 17 22 27 | 27.0
Spellcasting   | 11 20 27 | 27.0
Invocations    | 12 22 27 | 27.0

Action                   |  1- 3 |  4- 6 |  7- 9 | 10-12 | 13-15 | 16-18 | 19-21 || total
-------------------------+-------+-------+-------+-------+-------+-------+-------++-------
Melee: Unarmed           |     1 |       |       |       |     5 |     8 |    15 ||    29
Dodge: Dodged            |     1 |       |       |       |     1 |     1 |     8 ||    11
